 Dungeon Crawl Stone Soup version 0.20-a0-551-gc8f91ca (webtiles) character file.

8395 Lahna the Skirmisher (level 11, -5/86 HPs)
             Began as a Demonspawn Gladiator on Feb 3, 2017.
             Was an Elder of Cheibriados.
             Slain by a spiny frog (17 damage)
             ... on level 1 of the Lair of Beasts.
             The game lasted 00:32:38 (10642 turns).

Lahna the Skirmisher (Demonspawn Gladiator)        Turns: 10642, Time: 00:32:39

Health: -5/86      AC: 16    Str: 26    XL:     11   Next: 9%
Magic:  16/16      EV: 13    Int: 18    God:    Cheibriados [****..]
Gold:   742        SH: 13    Dex: 28    Spells: 10/12 levels left

rFire    + . .     SeeInvis .   T - +0 morningstar
rCold    . . .     Gourm    .   N - +0 plate armour
rNeg     . . .     Faith    .   m - +0 shield
rPois    .         Spirit   .   (helmet unavailable)
rElec    .         Reflect  .   J - +1 cloak
rCorr    .         Harm     .   (no gloves)
MR       .....                  A - +0 pair of boots
Stlth    ..........             (no amulet)
Regen    0.3/turn               p - +2 ring of evasion
                                w - +3 ring of dexterity

@: very slow
A: horns 3, demonic guardian 1, fire resistance 1
a: Bend Time, Temporal Distortion, Slouch, Renounce Religion


You were on level 1 of the Lair of Beasts.
You worshipped Cheibriados.
Cheibriados was greatly pleased with you.
You were not hungry.

You visited 3 branches of the dungeon, and saw 10 of its levels.
You also visited: Sewer and Ossuary.

You collected 742 gold pieces.

Inventory:

Hand Weapons
 T - a +0 morningstar (weapon)
Missiles
 d - 4 throwing nets (quivered)
Armour
 m - a +0 shield (worn)
 A - a +0 pair of boots (worn)
 J - a +1 cloak (worn)
 N - a +0 plate armour (worn)
Jewellery
 p - a +2 ring of evasion (right hand)
 w - a +3 ring of dexterity (left hand)
 L - an uncursed ring of ice
 S - a +4 ring of intelligence
Wands
 H - a wand of clouds (1/9)
 O - a wand of scattershot (4/9)
Scrolls
 c - a scroll of fog
 e - 3 scrolls of enchant weapon
 i - 3 scrolls of enchant armour
 r - 3 scrolls of teleportation
 v - 3 scrolls of remove curse
 B - 3 scrolls of recharging
 M - a scroll of magic mapping
Potions
 g - 3 potions of might
 h - 3 potions of haste {unknown}
 j - 3 potions of cancellation {unknown}
 k - 9 potions of curing
 t - 3 potions of flight
 u - 6 potions of heal wounds
 z - 2 potions of agility {unknown}
 E - 2 potions of lignification {unknown}
 F - a potion of magic {unknown}
 G - 2 potions of resistance
 I - 2 potions of brilliance {unknown}
 K - a potion of cure mutation {unknown}
 P - a potion of degeneration {unknown}
Books
 a - a book of Cantrips

   Spells                             Type                      Level
   a - Confusing Touch                Hexes                        1
   b - Animate Skeleton               Necromancy                   1
   c - Summon Small Mammal            Summoning                    1
   d - Apportation                    Translocation                1
 b - a book of Minor Magic

   Spells                             Type                      Level
   a - Magic Dart                     Conjuration                  1
   b - Blink                          Translocation                2
   c - Call Imp                       Summoning                    2
   d - Repel Missiles                 Charms/Air                   2
   e - Slow                           Hexes                        2
   f - Conjure Flame                  Conjuration/Fire             3
   g - Mephitic Cloud                 Conjuration/Poison/Air       3
 n - a book of Annihilations

   Spells                             Type                      Level
   a - Poison Arrow                   Conjuration/Poison           6
   b - Chain Lightning                Conjuration/Air              8
   c - Lehudib's Crystal Spear        Conjuration/Earth            8
   d - Glaciate                       Conjuration/Ice              9
   e - Fire Storm                     Conjuration/Fire             9
 o - a book of the Warp

   Spells                             Type                      Level
   a - Gell's Gravitas                Hexes/Translocation          3
   b - Portal Projectile              Translocation                3
   c - Force Lance                    Conjuration/Translocation    4
   d - Dispersal                      Translocation                6
   e - Controlled Blink               Translocation                8
   f - Disjunction                    Translocation                8
Comestibles
 f - 4 bread rations
 l - 3 chunks of flesh
 q - 4 meat rations
 x - 2 royal jellies
 Q - 3 fruits


   Skills:
 + Level 7.9 Fighting
 + Level 7.6 Maces & Flails
 - Level 1.7 Throwing
 + Level 6.3 Armour
 + Level 6.2 Dodging
 + Level 6.5 Shields
 - Level 1.0 Spellcasting
 - Level 1.2 Translocations
 + Level 7.7 Invocations


You had 10 spell levels left.
You knew the following spells:

 Your Spells              Type           Power        Failure   Level  Hunger
a - Blink                 Tloc           N/A          100%        2    ###....


Dungeon Overview and Level Annotations

Branches:
Dungeon (8/15)             Temple (1/1) D:4            Lair (1/6) D:8

Altars:
Ashenzari
Cheibriados
Dithmenos
Fedhas
Gozag
Hepliaklqana
Kikubaaqudgha
Makhleb
Nemelex Xobeh
Okawaru
Qazlal
Sif Muna
Trog
Uskayaw
Vehumet
Xom
Yredelemnul
Zin
The Shining One

Shops:
D:4 *   D:5 %

Annotations:
Lair:1 exclusion: oklob plant


Innate Abilities, Weirdness & Mutations

You have a pair of large horns on your head.
A weak demonic guardian rushes to your aid.
Your flesh is heat resistant. (rF+)


Message History

The six-headed hydra bites your shadow imp!
Your shadow imp dies!
The six-headed hydra bites you!
* * * LOW HITPOINT WARNING * * *
The six-headed hydra bites you!
* * * LOW HITPOINT WARNING * * *
You block the six-headed hydra's attack.
Evoke which item? (* to show all) (? for menu, Esc to quit)
Aiming: Scattershot (will waste charges)
Press: ? - help, Shift-Dir - straight line, f - six-headed hydra
Aim: a six-headed hydra (almost dead)
The burst of metal fragments hits the six-headed hydra.
You kill the six-headed hydra!
Cheibriados thoroughly appreciates the change of pace.
Evoking this partially-identified wand wasted a few charges.
The spiny frog closely misses you. You block the spiny frog's attack.
You puncture the spiny frog!
The spiny frog is moderately wounded.
The spiny frog stings you!
You die...

..............####..#
.................# #..#
..........####..## #..#
..........# ##..## #..#
..........###...P###..#
...........###..###...#
..........# ##..# ##..#
......F†..# #...# #..#
.......@..# ##..# #..#
#######...####..# #..#
##...#.#..# #..###
#.........# #.....
#.........# #.....
##..###...# #..### #..#
##...# #..# #... ...P#
#... #..# #..## #..#


You could see a spiny frog.

Vanquished Creatures
  A hydra (Lair:1)
  2 spiny frogs (Lair:1)
  A komodo dragon (Lair:1)
  3 blink frogs (Lair:1)
  3 yaks
  Eustachio (D:4)
  4 porcupines
  2 black bears (D:8)
  A hornet zombie (D:8)
  3 orc warriors (D:7)
  2 sky beasts (D:6)
  2 phantoms (D:8)
  A necrophage (D:8)
  3 centaurs
  4 ogres
  4 wolves (Lair:1)
  3 crocodiles
  2 big kobolds
  2 bullfrogs
  Dowan (D:5)
  2 scorpions (D:8)
  4 killer bees (D:8)
  3 wights (D:6)
  2 howler monkeys
  A crimson imp (D:8)
  A bullfrog zombie (D:8)
  A quasit (D:7)
  4 hounds
  3 jellies
  9 orc wizards
  3 centaur skeletons (D:8)
  Natasha (thrice) (D:4)
  An iguana (D:8)
  2 worker ants (D:4)
  A hound zombie (D:5)
  A hound skeleton (D:6)
  A worker ant zombie (D:4)
  6 mummies (Ossuary)
  6 gnolls
  A howler monkey skeleton (D:6)
  8 adders
  A white imp (D:4)
  2 oozes
  An adder skeleton (D:4)
  A worm (D:2)
  2 dart slugs
  4 leopard geckos
  30 orcs
  8 giant cockroaches
  A gnoll zombie (Ossuary)
  6 goblins
  8 hobgoblins
  10 jackals
  4 quokkas
  3 ball pythons
  8 bats
  5 frilled lizards
  A goblin skeleton (D:4)
  5 hobgoblin zombies
  A jackal skeleton (D:8)
  19 kobolds
  A kobold zombie (Ossuary)
  A leopard gecko skeleton (D:6)
  2 orc skeletons (D:4)
  3 orc zombies
  2 quokka zombies
  2 rats
239 creatures vanquished.

Vanquished Creatures (collateral kills)
  A two-headed ogre (D:8)
  A spiny frog (Lair:1)
  A blink frog (Lair:1)
  A yak (Lair:1)
  Menkaure (D:4)
  A water moccasin (D:5)
  Duvessa (D:5)
  An orc warrior (D:6)
  Purgy (Sewer)
  A howler monkey (D:4)
  A centaur zombie (D:5)
  An orc wizard (D:5)
  Ijyb (D:2)
  2 mummies (Ossuary)
  An adder skeleton (D:4)
  2 orcs
  A hobgoblin zombie (Ossuary)
  An orc zombie (Ossuary)
  2 fungi (D:8)
22 creatures vanquished.

Vanquished Creatures (others)
  14 fungi
  6 plants
20 creatures vanquished.

Grand Total: 281 creatures vanquished

Notes
Turn   | Place    | Note
-------+----------+-------------------------------------------
     0 | D:1      | Lahna the Demonspawn Gladiator began the quest for the Orb.
     0 | D:1      | Reached XP level 1. HP: 16/16 MP: 1/1
   419 | D:1      | Gained mutation: You have a pair of small horns on your head. [demonic ancestry]
   419 | D:1      | Reached XP level 2. HP: 23/23 MP: 2/2
  1025 | D:2      | Gained mutation: A weak demonic guardian rushes to your aid. [demonic ancestry]
  1025 | D:2      | Reached XP level 3. HP: 20/28 MP: 3/3
  1344 | D:2      | Noticed Ijyb
  1356 | D:2      | Killed Ijyb
  1414 | D:2      | Reached skill level 1 in Shields
  1478 | D:2      | Reached XP level 4. HP: 33/35 MP: 4/4
  2347 | D:3      | Found a shattered altar of Ashenzari.
  2387 | D:3      | Reached skill level 1 in Armour
  2580 | D:3      | You fall through a shaft for 2 floors!
  2580 | D:5      | Entered Level 5 of the Dungeon
  2609 | D:5      | Reached XP level 5. HP: 41/41 MP: 5/5
  2647 | D:5      | Found a glowing drain.
  2656 | Sewer    | Entered a sewer
  2666 | Sewer    | Noticed Purgy
  2672 | Sewer    | Killed Purgy
  3143 | D:5      | Found a sand-covered staircase.
  3148 | Ossuary  | Entered an ossuary
  3182 | Ossuary  | Gained mutation: You have a pair of horns on your head. [demonic ancestry]
  3182 | Ossuary  | Reached XP level 6. HP: 41/48 MP: 6/6
  3574 | D:5      | Found Pashieg's Food Emporium.
  3614 | D:5      | Found a hide-covered altar of Uskayaw.
  3843 | D:4      | Reached XP level 7. HP: 43/55 MP: 7/7
  3883 | D:4      | Noticed Eustachio
  4928 | D:4      | Killed Eustachio
  4958 | D:4      | Found a staircase to the Ecumenical Temple.
  5083 | D:4      | Noticed Natasha
  5095 | D:4      | Killed Natasha
  5104 | D:4      | Found a glowing golden altar of the Shining One.
  5427 | D:4      | Found Ybidief's Assorted Antiques.
  5452 | D:4      | Noticed Menkaure
  5462 | D:4      | Killed Menkaure
  5462 | D:4      | Reached skill level 5 in Maces & Flails
  5498 | D:4      | Reached skill level 5 in Fighting
  6003 | D:4      | Noticed Natasha
  6013 | D:4      | Killed Natasha
  6074 | Temple   | Entered the Ecumenical Temple
  6170 | Temple   | Became a worshipper of Cheibriados the Contemplative
  6196 | D:4      | Noticed Natasha
  6209 | D:4      | Killed Natasha
  6342 | D:5      | Reached XP level 8. HP: 58/62 MP: 8/8
  6406 | D:5      | Noticed Duvessa
  6406 | D:5      | Noticed Dowan
  6412 | D:5      | Killed Duvessa
  6412 | D:5      | Reached skill level 1 in Invocations
  6426 | D:5      | Killed Dowan
  6900 | D:6      | Reached * piety under Cheibriados
  7332 | D:6      | Found a burning altar of Makhleb.
  7339 | D:6      | Found a shadowy altar of Dithmenos.
  7342 | D:6      | Found a deep blue altar of Sif Muna.
  7700 | D:6      | Reached XP level 9. HP: 66/69 MP: 11/11
  8081 | D:7      | Reached ** piety under Cheibriados
  8275 | D:7      | Found a radiant altar of Vehumet.
  8522 | D:7      | Reached skill level 5 in Shields
  8577 | D:7      | Noticed a hellwing
  8579 | D:7      | Noticed a hellwing
  9167 | D:8      | Reached skill level 5 in Invocations
  9178 | D:8      | Reached *** piety under Cheibriados
  9194 | D:8      | Found a staircase to the Lair.
  9210 | D:8      | Reached skill level 5 in Armour
  9224 | D:8      | Reached skill level 5 in Dodging
  9311 | D:8      | Gained mutation: You have a pair of large horns on your head. [demonic ancestry]
  9311 | D:8      | Reached XP level 10. HP: 69/77 MP: 14/14
  9490 | D:8      | Reached **** piety under Cheibriados
  9996 | D:8      | Noticed a two-headed ogre
 10002 | D:8      | Killed a two-headed ogre
 10111 | Lair:1   | Entered Level 1 of the Lair of Beasts
 10111 | Lair:1   | Noticed an oklob plant
 10111 | Lair:1   | Noticed a spiny frog
 10123 | Lair:1   | Killed a spiny frog
 10182 | Lair:1   | Learned a level 2 spell: Blink
 10192 | Lair:1   | Noticed a spiny frog
 10198 | Lair:1   | Killed a spiny frog
 10203 | Lair:1   | Noticed a spiny frog
 10211 | Lair:1   | Killed a spiny frog
 10568 | Lair:1   | Reached skill level 1 in Spellcasting
 10582 | Lair:1   | Reached skill level 1 in Translocations
 10582 | Lair:1   | Gained mutation: Your flesh is heat resistant. (rF+) [demonic ancestry]
 10582 | Lair:1   | Reached XP level 11. HP: 65/85 MP: 16/16
 10632 | Lair:1   | Noticed a six-headed hydra
 10641 | Lair:1   | Killed a six-headed hydra
 10642 | Lair:1   | Slain by a spiny frog

Vault maps used:
D:1:      mrwooster_arrival_statue_3
D:2:      uniq_iyjb
D:3:      lemuel_round_altar, first_bread
D:4:      nicolae_tso_besieged_by_evil, minmay_temple_entry_mist, serial_shops,
          shop, uniq_natasha, uniq_menkaure, uniq_eustachio
D:5:      lemuel_round_altar, lightli_sewer_entry_pipes, enter_ossuary_2,
          serial_shops, shop_fountains, uniq_duvessa
D:6:      grunt_temple_overflow_diamond
D:7:      cheibrodos_grave_circle, old_standard_altar
D:8:      due_lair_maze_entry_diamond
Temple:   minmay_temple_bridge_abc
Lair:1:   nicolae_volcano_entry_two_sided, dpeg_stationary_puzzle,
          serial_bayou_shore_a
Sewer:    kennysheep_door_sewer
Ossuary:  ossuary_tomb_3

Skill      XL: |  1  2  3  4  5  6  7  8  9 10 |
---------------+-------------------------------+-----
Maces & Flails | 3 4 5 6 7 |  7.6
Fighting       | 3 4 5 6 7 |  7.9
Shields        | 1 2 3 4 5 6 |  6.5
Armour         | 1 2 3 4 5 6 |  6.3
Dodging        | 3 4 5 6 |  6.2
Invocations    | 3 5 7 |  7.7
Spellcasting   | 1 |  1.0
Translocations | 1 |  1.2
Throwing       | |  1.7

Action                   |  1- 3 |  4- 6 |  7- 9 | 10-12 || total
-------------------------+-------+-------+-------+-------++-------
Melee: Flail             |    89 |   177 |   333 |       ||   599
       Headbutt          |    10 |    29 |   138 |    42 ||   219
       Morningstar       |       |       |    51 |   103 ||   154
       Whip              |       |       |    33 |       ||    33
Throw: Throwing net      |       |       |     1 |       ||     1
Invok: Bend Time         |       |       |     2 |       ||     2
       Slouch            |       |       |       |     1 ||     1
Evoke: Wand              |       |       |       |     1 ||     1
  Use: Scroll            |       |     1 |     1 |    15 ||    17
       Potion            |       |       |       |     3 ||     3
 Stab: Distracted        |       |       |     2 |       ||     2
  Eat: Chunk             |     2 |     6 |    14 |     2 ||    24
       Royal jelly       |       |     1 |       |       ||     1
Armor: Leather armour    |    13 |       |       |       ||    13
       Ring mail         |    20 |    69 |       |       ||    89
       Chain mail        |       |    17 |   139 |       ||   156
       Plate armour      |       |       |   120 |    43 ||   163
Dodge: Dodged            |    53 |    97 |   177 |    46 ||   373
Block: Shield            |    25 |   100 |   311 |    85 ||   521
